 Dungeon Crawl Stone Soup version 0.31-a0-219-g8d62b2e7bb (webtiles) character file.

Game seed: 14275357796570742328

1215 qw the Chopper (level 8, -1/49 HPs)
             Began as a Gargoyle Fighter on July 3, 2023.
             Slain by a two-headed ogre
             ... wielding a +0 giant club
              (15 damage)
             ... on level 6 of the Dungeon.
             The game lasted 00:02:27 (4223 turns).

qw the Chopper (Gargoyle Fighter)                   Turns: 4223, Time: 00:02:28

Health: -1/49      AC: 19    Str: 22    XL:     8   Next: 46%
Magic:  8/8        EV:  6    Int:  9    God:
Gold:   341        SH:  4    Dex:  9    Spells: 7/7 levels left

rFire   + . .        Y - +1 war axe
rCold   . . .        c - +0 buckler
rNeg    + . .        n - +0 plate armour
rPois   inf          k - +0 helmet
rElec   +            l - +0 cloak
rCorr   .            (no gloves)
SInv    .            (no boots)
Will    .....        (no amulet) Stlth
                     g - ring of protection from fire
HPRegen 0.28/turn    (no ring)
MPRegen 0.11/turn

%: no passive effects
@: no status effects
A: sickness immunity, AC +5, negative energy resistance 1, electricity
resistance, torment resistance 1, petrification resistance
a: no special abilities


You were on level 6 of the Dungeon.
You visited 1 branch of the dungeon, and saw 6 of its levels.

You collected 341 gold pieces.


Innate Abilities, Weirdness & Mutations

You are immune to sickness and miasma.
Your stone body is resilient. (AC +5)
You are immune to poison.
You resist negative energy. (rN+)
You are resistant to electric shocks. (rElec)
You are resistant to unholy torment.
You are immune to petrification.


   Skills:
 - Level 5.0 Fighting
 + Level 7.9 Axes
 - Level 1.2 Throwing
 - Level 4.1 Armour
 - Level 1.6 Dodging
 - Level 3.2 Shields


You had 7 spell levels left.
You didn't know any spells.
Your spell library was empty.

Inventory:

Hand Weapons
 m - a +0 flail
 q - a +2 mace of holy wrath
 Y - a +1 war axe (weapon)
Missiles
 r - 6 boomerangs (quivered)
Armour
 c - a +0 buckler (worn)
 k - a +0 helmet (worn)
 l - a +0 cloak (worn)
 n - a +0 plate armour (worn)
Jewellery
 g - a ring of protection from fire (left hand)
Wands
 b - a wand of digging (1)
Scrolls
 a - 3 scrolls of identify
 s - a scroll of amnesia {unknown}
Potions
 d - a potion of might
 e - a potion of magic
 f - 4 potions of curing
 h - a potion of heal wounds
 i - 3 potions of attraction
 j - a potion of cancellation
 o - a potion of enlightenment {unknown}
 p - a potion of lignification

Dungeon Overview and Level Annotations

Branches:
Dungeon (6/15)
 Temple: D:4-7

Altars:
Ru

Annotations:
D:5 3 runed translucent doors, qw's ghost, novice GrHs
D:6 3 runed translucent doors, qw's ghost, novice DEHu


Message History

The hound bites you but does no damage.
You hit the hound.
The hound is almost dead.
You block the hound's attack. x2
You hit the hound.
You kill the hound!
A two-headed ogre comes into view. It is wielding two +0 giant clubs.
The two-headed ogre shouts in stereo!
Enter note:
Enter note:
Enter note:
Enter note:
Enter note:
Enter note: You throw a boomerang.
The boomerang hits the two-headed ogre but does no damage.
You throw a boomerang.
The boomerang barely misses the two-headed ogre.
You throw a boomerang.
The boomerang completely misses the two-headed ogre.
You throw a boomerang.
The boomerang barely misses the two-headed ogre.
You slash the two-headed ogre!
The two-headed ogre is lightly wounded.
The two-headed ogre hits you with a +0 giant club!
The two-headed ogre hits you but does no damage.
You hit the two-headed ogre.
The two-headed ogre is moderately wounded.
The two-headed ogre hits you with a +0 giant club!!
The two-headed ogre barely misses you.
You slash the two-headed ogre!
The two-headed ogre is moderately wounded.
The two-headed ogre barely misses you.
The two-headed ogre hits you with a +0 giant club.
You slash the two-headed ogre!
The two-headed ogre is severely wounded.
You slash the two-headed ogre!
The two-headed ogre is almost dead.
The two-headed ogre hits you with a +0 giant club! x2
You die...

.............#....#....#
.............#....#...(#
.......##...##....#....#
.......#######....#....#
.......# #...##...##
.......# #...######
.......# #....# ....
#....# #..@## #..O#
#.... #...?# #....#
#...## #...# #....


You could see a two-headed ogre.

Vanquished Creatures
  2 black bears (D:6)
  2 ogres
  2 ice beasts (D:5)
  4 scorpions
  4 hounds
  A jelly (D:6)
  A sleepcap (D:5)
  An iguana (D:5)
  3 gnolls (D:5)
  10 adders
  A shadow imp (D:6)
  A white imp (D:6)
  An ufetubus (D:6)
  2 worms (D:2)
  4 dart slugs
  12 orcs
  10 ball pythons
  7 endoplasms
  2 giant cockroaches
  7 goblins
  2 hobgoblins (D:1)
  6 jackals
  5 kobolds
  5 quokkas
  10 bats
  8 frilled lizards
  7 rats
120 creatures vanquished.

Notes
Turn   | Place    | Note
-------+----------+-------------------------------------------
     0 | D:1      | qw the Gargoyle Fighter began the quest for the Orb.
     0 | D:1      | Reached XP level 1. HP: 14/14 MP: 1/1
     0 | D:1      | 0 ||| qw: Version: 0.3-a-40-ge99b1a8
     0 | D:1      | 0 ||| qw: Game counter: 406
     0 | D:1      | 0 ||| qw: Melee chars always use a shield: true
     0 | D:1      | 0 ||| qw: God list: Okawaru
     0 | D:1      | 0 ||| qw: Allow faded altars: false
     0 | D:1      | 0 ||| qw: Do Orc after clearing Dungeon:15 true
     0 | D:1      | 0 ||| qw: Do second Lair branch before Depths: true
     0 | D:1      | 0 ||| qw: Lair rune preference: random
     0 | D:1      | 0 ||| qw: Goals: Normal, Zot:1-4, Slime:5, God:TSO, Crypt,
                  | Tomb, Abyss, Pan, Hells, Win
     0 | D:1      | 0 ||| PLANNING D:1-11
    47 | D:1      | Reached skill level 2 in Axes
    68 | D:1      | 68 ||| Stepping ~*~*~tactically~*~*~ (stealth).
    75 | D:1      | Reached XP level 2. HP: 19/19 MP: 2/2
   297 | D:1      | 297 ||| Stepping ~*~*~tactically~*~*~ (stealth).
   308 | D:1      | Reached skill level 3 in Axes
   321 | D:1      | 321 ||| Stepping ~*~*~tactically~*~*~ (stealth).
   339 | D:1      | Reached XP level 3. HP: 23/23 MP: 3/3
   779 | D:1      | 779 ||| UPGRADING to +0 cloak.
   784 | D:1      | 784 ||| UPGRADING to +0 plate armour.
   794 | D:1      | 794 ||| DROPPING +0 scale mail.
   795 | D:1      | 795 ||| UPGRADING to ring of protection from fire.
   796 | D:1      | 796 ||| READING 2 scrolls labelled ZUEMUD KUSTAFU.
   797 | D:1      | 797 ||| READING scroll labelled SANLIM JEXT.
   798 | D:1      | 798 ||| READING scroll labelled EBOMON KEOPSOUM.
   799 | D:1      | 799 ||| READING scroll labelled LUUSAJ FITACHO.
   872 | D:2      | Reached XP level 4. HP: 19/28 MP: 4/4
   872 | D:2      | 872 ||| FLEEEEING.
   873 | D:2      | 873 ||| FLEEEEING.
   878 | D:2      | 878 ||| FLEEEEING.
   883 | D:2      | 883 ||| FLEEEEING.
   884 | D:2      | 884 ||| FLEEEEING.
   885 | D:2      | 885 ||| STAIRDANCE
   953 | D:2      | 953 ||| Stepping ~*~*~tactically~*~*~ (stealth).
  1071 | D:2      | 1071 ||| Stepping ~*~*~tactically~*~*~ (hiding).
  1072 | D:2      | 1072 ||| Stepping ~*~*~tactically~*~*~ (hiding).
  1078 | D:2      | Reached skill level 4 in Axes
  1100 | D:2      | 1100 ||| Stepping ~*~*~tactically~*~*~ (stealth).
  1271 | D:2      | 1271 ||| DROPPING +0 club.
  1356 | D:2      | 1356 ||| READING scroll labelled VUOCWU CIEQUCUXA.
  1357 | D:2      | 1357 ||| READING scroll labelled KOASEY OWADAUL.
  1358 | D:2      | 1358 ||| READING scroll labelled LIGAMM PATEOWO.
  1359 | D:2      | 1359 ||| DRINKING 3 viscous blue potions.
  1360 | D:2      | 1360 ||| DRINKING 4 bubbling yellow potions.
  1361 | D:2      | 1361 ||| READING 4 scrolls of identify.
  1361 | D:2      | 1361 ||| IDENTIFYING blue potion
  1362 | D:2      | 1362 ||| READING 3 scrolls of identify.
  1362 | D:2      | 1362 ||| IDENTIFYING grey potion
  1363 | D:2      | 1363 ||| READING 2 scrolls of identify.
  1363 | D:2      | 1363 ||| IDENTIFYING green potion
  1364 | D:2      | 1364 ||| DROPPING potion of berserk rage.
  1365 | D:2      | 1365 ||| DROPPING 3 potions of brilliance.
  1394 | D:3      | Identified the +0 mace of Noxious Tenacity {flame, Fly
                  | rElec rC-}
  1405 | D:3      | 1405 ||| Stepping ~*~*~tactically~*~*~ (stealth).
  1414 | D:3      | 1414 ||| Stepping ~*~*~tactically~*~*~ (stealth).
  1448 | D:3      | 1448 ||| DROPPING +0 whip.
  1536 | D:3      | 1536 ||| Stepping ~*~*~tactically~*~*~ (stealth).
  1609 | D:3      | Identified the +1 robe of Tidet {rF+}
  1786 | D:3      | 1786 ||| Stepping ~*~*~tactically~*~*~ (stealth).
  1912 | D:3      | Reached XP level 5. HP: 30/32 MP: 5/5
  1951 | D:3      | Found a sacrificial altar of Ru.
  2026 | D:3      | 2026 ||| UPGRADING to +0 helmet.
  2031 | D:3      | 2031 ||| DROPPING amulet of magic regeneration.
  2032 | D:3      | 2032 ||| READING 5 scrolls labelled QAR MIRGHUDGH.
  2033 | D:3      | 2033 ||| READING 3 scrolls of identify.
  2033 | D:3      | 2033 ||| IDENTIFYING red potion
  2034 | D:3      | 2034 ||| READING 2 scrolls of identify.
  2034 | D:3      | 2034 ||| IDENTIFYING metallic green potion
  2035 | D:3      | 2035 ||| DROPPING 4 scrolls of noise.
  2036 | D:3      | 2036 ||| DROPPING potion of degeneration.
  2052 | D:4      | 2052 ||| PLANNING SEWER
  2091 | D:4      | Reached skill level 5 in Axes
  2199 | D:4      | Noticed an ogre
  2203 | D:4      | HP: 5/32 [ogre/+0 giant club (27)]
  2206 | D:4      | Killed an ogre
  2207 | D:4      | Reached XP level 6. HP: 7/39 MP: 6/6
  2299 | D:4      | 2299 ||| Stepping ~*~*~tactically~*~*~ (stealth).
  2686 | D:4      | 2686 ||| RIP SEWER
  2785 | D:4      | 2785 ||| PLANNING D:1-11
  2785 | D:4      | 2785 ||| READING scroll labelled JUHISCHOA DACS.
  2786 | D:4      | 2786 ||| READING 2 scrolls of identify.
  2786 | D:4      | 2786 ||| IDENTIFYING brown potion
  2801 | D:5      | Entered Level 5 of the Dungeon
  2848 | D:5      | 2848 ||| Stepping ~*~*~tactically~*~*~ (stealth).
  2849 | D:5      | 2849 ||| Stepping ~*~*~tactically~*~*~ (stealth).
  2889 | D:5      | Reached skill level 6 in Axes
  2889 | D:5      | Reached XP level 7. HP: 40/44 MP: 7/7
  2926 | D:5      | HP: 11/44 [ice beast (12)]
  3047 | D:5      | 3047 ||| DROPPING +0 mace of Noxious Tenacity {flame, Fly
                  | rElec rC-}.
  3048 | D:5      | 3048 ||| DROPPING +0 mace.
  3149 | D:5      | 3149 ||| FLEEEEING.
  3419 | D:5      | Reached skill level 7 in Axes
  3534 | D:5      | Reached skill level 1 in Dodging
  3534 | D:5      | Reached XP level 8. HP: 38/49 MP: 8/8
  3627 | D:5      | Found a runed translucent gate.
  3627 | D:5      | Found a runed translucent gate.
  3627 | D:5      | Found a runed translucent gate.
  3628 | D:5      | Noticed qw's ghost (novice GrHs)
  3751 | D:5      | 3751 ||| READING 2 scrolls of identify.
  3751 | D:5      | 3751 ||| IDENTIFYING yellow potion
  3827 | D:6      | Found a runed translucent gate.
  3828 | D:6      | Found a runed translucent gate.
  3828 | D:6      | Found a runed translucent gate.
  3829 | D:6      | Noticed qw's ghost (novice DEHu)
  3835 | D:6      | 3835 ||| Stepping ~*~*~tactically~*~*~ (stealth).
  3859 | D:6      | Reached skill level 1 in Throwing
  3943 | D:6      | 3943 ||| Stepping ~*~*~tactically~*~*~ (stealth).
  4214 | D:6      | Noticed a two-headed ogre
  4223 | D:6      | Slain by a two-headed ogre

Levels and vault maps discovered:
D:1:      dpeg_arrival_radiant, layout_loops_ring, minmay_tall_x
D:2:      layout_basic
D:3:      layout_basic, nicolae_ru_path_of_blood
D:4:      layout_basic, portal_sewer_entry_d
D:5:      nicolae_BIG_FREAKIN_CUBE, layout_basic, ebering_ghost_rock_garden,
          grunt_ministairs_2
D:6:      layout_gridville, gammafunk_ghost_nasty_kobolds

Skill      XL: |  1  2  3  4  5  6  7  8 |
---------------+-------------------------+-----
Axes           | 2 3 4 5 6 7 |  7.9
Fighting       | 4 5 |  5.0
Armour         | 4 |  4.1
Dodging        | 1 |  1.6
Throwing       | 1 |  1.2
Shields        | |  3.2

Action                     |  1- 3 |  4- 6 |  7- 9 || total
---------------------------+-------+-------+-------++-------
  Melee: War axe           |    99 |   150 |   125 ||   374
  Throw: Boomerang         |    19 |    40 |    23 ||    82
    Use: Scroll            |     4 |    11 |     1 ||    16
         Potion            |       |     2 |       ||     2
 Armour: Scale mail        |    49 |       |       ||    49
         Plate armour      |    20 |   102 |    74 ||   196
  Dodge: Dodged            |    46 |    43 |    36 ||   125
  Block: Buckler           |    20 |    22 |    22 ||    64

Table legend:
 A = Non-vault XP
 B = Vault XP
 C = Vault XP percentage of total XP
 D = Non-vault monster count
 E = Vault monster count
 F = Vault count percentage of total count
                 A         B        C        D         E       F
            +---------+---------+-------+---------+---------+-------
      Total |    1484 |     253 |  14.6 |     113 |       7 |   5.8
            +---------+---------+-------+---------+---------+-------
        D:1 |      39 |       7 |  15.2 |      23 |       4 |  14.8
        D:2 |      80 |       0 |   0.0 |      24 |       0 |   0.0
        D:3 |      40 |       0 |   0.0 |      22 |       0 |   0.0
        D:4 |     280 |      13 |   4.4 |      12 |       1 |   7.7
        D:5 |     592 |     233 |  28.2 |      21 |       2 |   8.7
        D:6 |     453 |       0 |   0.0 |      11 |       0 |   0.0
            +---------+---------+-------+---------+---------+-------
